 Dungeon Crawl Stone Soup version 0.24.1-14-gf8d2b509d9 (webtiles) character file.

Game seed: 3590528688796846274, levelgen mode: deterministic

51 Huri the Shield-Bearer (level 3, 0/33 HPs)
             Began as a Minotaur Fighter on Oct 31, 2020.
             Was an Initiate of Ru.
             Slain by Sigmund
             ... wielding a +0 scythe
              (6 damage)
             ... on level 2 of the Dungeon.
             The game lasted 00:04:53 (861 turns).

Huri the Shield-Bearer (Minotaur Fighter)            Turns: 861, Time: 00:04:55

Health: 0/33       AC:  8    Str: 21    XL:     3   Next: 58%
Magic:  2/2        EV:  7    Int:  5    God:    Ru [......]
Gold:   44         SH:  9    Dex:  9    Spells: 2/2 levels left

rFire    + . .     SeeInvis .   a - +0 long sword
rCold    . . .     Gourm    .   c - +0 shield
rNeg     . . .     Faith    .   b - +0 scale mail
rPois    .         Spirit   .   (helmet restricted)
rElec    .         Reflect  .   o - +0 cloak
rCorr    .         Harm     .   (no gloves)
MR       .....                  (no boots)
Stlth    ..........             g - amulet of regeneration
HPRegen  0.51/turn              n - ring of protection from fire
MPRegen  0.08/turn              (no ring)

@: no status effects
A: retaliatory headbutt, horns 2
a: Renounce Religion


You were on level 2 of the Dungeon.
You worshipped Ru.
Ru was noncommittal.
You were not hungry.

You visited 1 branch of the dungeon, and saw 2 of its levels.

You collected 44 gold pieces.

Inventory:

Hand Weapons
 a - a +0 long sword (weapon)
Missiles
 j - 18 bolts
 k - 19 arrows
 l - 65 stones (quivered)
Armour
 b - a +0 scale mail (worn)
 c - a +0 shield (worn)
 o - a +0 cloak (worn)
Jewellery
 g - an amulet of regeneration (around neck)
 n - a ring of protection from fire (left hand)
Scrolls
 e - a scroll of magic mapping {unknown}
 i - a scroll of remove curse {unknown}
 m - a scroll of blinking {unknown}
 q - 3 scrolls of identify {unknown}
Potions
 d - a potion of might
 h - a potion of flight {unknown}
 p - a potion of heal wounds {unknown}
Comestibles
 f - a ration
 r - 3 chunks of flesh


   Skills:
 + Level 4.2 Fighting
 + Level 2.8 Long Blades
 + Level 4.1 Armour
 + Level 0.1 Dodging
 + Level 4.4 Shields


You had 2 spell levels left.
You didn't know any spells.
Your spell library was empty.

Dungeon Overview and Level Annotations

Branches:
Dungeon (2/15)

Altars:
Ru

Annotations:
D:2 Sigmund


Innate Abilities, Weirdness & Mutations

You reflexively headbutt those who attack you in melee.
You have a pair of horns on your head.


Message History

You resist with significant effort. You block Sigmund's attack.
You barely miss Sigmund. You hit Sigmund.
Sigmund is lightly wounded.
Sigmund hits you with a +0 scythe!
You hit Sigmund.
Sigmund is moderately wounded.
Sigmund mumbles some strange words.
Sigmund flickers and vanishes!
Deactivating autopickup; reactivate with Ctrl-A.
Something hits you!
Your shield prevents you from hitting something.
Your headbutt misses something. You barely miss something.
You hear some strange, mumbled words.
A puff of flame appears from out of thin air!
The puff of flame hits you! You resist.
* * * LOW HITPOINT WARNING * * *
Something hits you.
You die...

#.#### #...# #. #.#
#.≈.# #. #.#
##...#############.
#.#
#≈.≈.≈.............
..#
##.≈.≈..###########.
###..#.#### ##
#....#.# #.##..†.###
#.......@.#
####....#{# #....#.#
#....#.# #....#.#
#....#.# ######.# .#


There were no monsters in sight!

Vanquished Creatures
  Jessica (D:2)
  A gnoll (D:1)
  A leopard gecko (D:2)
  2 goblins (D:1)
  3 hobgoblins
  A kobold (D:1)
  A ball python (D:1)
  3 bats (D:1)
  A frilled lizard (D:1)
  2 rats (D:1)
16 creatures vanquished.

Notes
Turn   | Place    | Note
-------+----------+-------------------------------------------
     0 | D:1      | Huri the Minotaur Fighter began the quest for the Orb.
     0 | D:1      | Reached XP level 1. HP: 19/19 MP: 0/0
    87 | D:1      | Reached XP level 2. HP: 9/27 MP: 1/1
   737 | D:2      | Noticed Jessica
   739 | D:2      | Killed Jessica
   739 | D:2      | Reached XP level 3. HP: 33/33 MP: 2/2
   829 | D:2      | Found a sacrificial altar of Ru.
   837 | D:2      | Became a worshipper of Ru the Awakened
   854 | D:2      | Noticed Sigmund
   861 | D:2      | Slain by Sigmund

Levels and vault maps discovered:
D:1:      matt_arrival_refuge, layout_loops_ring
D:2:      layout_basic, nicolae_ru_path_of_blood, uniq_sigmund, uniq_natasha,
          uniq_jessica

Skill      XL: |  1  2 |
---------------+-------+-----
Shields        | 4 |  4.4
Fighting       | 4 |  4.2
Armour         | 4 |  4.1
Long Blades    | |  2.8
Dodging        | |  0.1

Action                   || total
-------------------------++-------
Melee: Long sword        ||    39
       Headbutt          ||     6
Throw: Stone             ||     8
Armor: Scale mail        ||    13
Dodge: Dodged            ||     5
Block: Shield            ||    19
       Rpst.: Long sword ||     2
